 Dungeon Crawl Stone Soup version 0.21-a0-578-gc6e9d75 (webtiles) character file.

70 KristoblXynda the Chopper (level 4, -5/36 HPs)
             Began as a Draconian Gladiator on Dec 18, 2017.
             Was a Follower of Uskayaw.
             Killed by divine providence
             ... invoked by an orc priest
              (13 damage)
             ... on level 3 of the Dungeon.
             The game lasted 00:02:23 (1665 turns).

KristoblXynda the Chopper (Draconian Gladiator)     Turns: 1665, Time: 00:02:23

Health: -5/36      AC:  5    Str: 18    XL:     4   Next: 3%
Magic:  4/4        EV: 13    Int:  8    God:    Uskayaw [*.....]
Gold:   79         SH:  0    Dex: 12    Spells: 3/3 levels left

rFire    + . .     SeeInvis .   a - +0 war axe
rCold    + . .     Gourm    .   (no shield)
rNeg     . . .     Faith    .   (armour unavailable)
rPois    +         Spirit   .   b - +0 hat
rElec    +         Reflect  .   (no cloak)
rCorr    +         Harm     .   (no gloves)
MR       .....                  (no boots)
Stlth    +.........             (no amulet)
HPRegen  0.12/turn              (no ring)
MPRegen  0.09/turn              (no ring)

@: resistant, flying
A: unfitting armour, cold-blooded, AC +5
a: Stomp, Renounce Religion


You were on level 3 of the Dungeon.
You worshipped Uskayaw.
Uskayaw was noncommittal.
You were hungry.

You visited 1 branch of the dungeon, and saw 3 of its levels.

You collected 79 gold pieces.

Inventory:

Hand Weapons
 a - a +0 war axe (weapon)
Missiles
 c - 3 throwing nets (quivered)
Armour
 b - a +0 hat (worn)
 e - a +0 shield
Jewellery
 k - an uncursed ring of wizardry {unknown}
Scrolls
 f - 4 scrolls of identify {unknown}
 i - 2 scrolls of magic mapping {unknown}
 j - a scroll of amnesia {unknown}
Comestibles
 d - 4 rations


   Skills:
 - Level 2.1 Fighting
 + Level 3.7 Axes
 - Level 2.4 Throwing
 + Level 3.3 Dodging
 + Level 1.0 Invocations


You had 3 spell levels left.
You didn't know any spells.

Dungeon Overview and Level Annotations

Branches:
Dungeon (3/15)

Altars:
Okawaru
Uskayaw
Wu Jian


Innate Abilities, Weirdness & Mutations

Your plain brown scales are hard. (AC +5)
You cannot fit into any form of body armour.
You are cold-blooded and may be slowed by cold attacks.


Message History

You hit the orc priest but do no damage.
The orc priest is lightly wounded.
The orc priest hits you.
You hit the orc priest but do no damage.
The orc priest is lightly wounded.
The orc priest invokes the aid of Beogh against you.
Beogh smites you!
* * * LOW HITPOINT WARNING * * *
It was a potion of resistance.
You feel protected.
The orc priest hits you but does no damage.
It was a potion of flight.
You feel very buoyant.
You fly up into the air.
The orc priest barely misses you.
You can no longer pass through a line of other dancers.
Unknown command.
It was a potion of curing.
You feel better.
The orc priest mumbles some strange prayers to Beogh against you.
Beogh smites you!
You die...

#.# .. #.# #.
#####.# .. ..##.#
## #. #.##.# ..
#####. ###.##.# .#
..._. #......# .#
#..##o....)###.#
#.@oo†.......<#
####......##<.#
########......##..#
...o....o..!..##..#
...........#####...
..o.######## #..##
### #..# #... ....


You could see an orc priest and 2 orcs.

Vanquished Creatures
  2 adders (D:2)
  2 dart slugs
  3 orcs (D:3)
  9 bats
  A giant cockroach (D:2)
  6 hobgoblins
  4 jackals (D:2)
  A ball python (D:1)
  2 frilled lizards
  5 goblins
  6 kobolds
  2 rats (D:1)
43 creatures vanquished.

Notes
Turn   | Place    | Note
-------+----------+-------------------------------------------
     0 | D:1      | KristoblXynda the Draconian Gladiator began the quest for the Orb.
     0 | D:1      | Reached XP level 1. HP: 17/17 MP: 1/1
   186 | D:1      | Reached XP level 2. HP: 22/24 MP: 2/2
   743 | D:2      | Reached XP level 3. HP: 24/29 MP: 3/3
  1010 | D:2      | Found a hide-covered altar of Uskayaw.
  1129 | D:2      | Became a worshipper of Uskayaw the Reveler
  1234 | D:2      | Found an iron altar of Okawaru.
  1241 | D:2      | Reached * piety under Uskayaw
  1518 | D:2      | Reached ** piety under Uskayaw
  1625 | D:3      | Found an ornate altar of the Wu Jian Council.
  1655 | D:3      | Reached XP level 4. HP: 21/36 MP: 4/4
  1656 | D:3      | Reached skill level 1 in Invocations
  1665 | D:3      | Killed from afar by an orc priest

Vault maps used:
D:1:      dpeg_arrival_simpleton_a
D:2:      kennysheep_okawaru_gauntlet, nicolae_overflow_crystal_walls
D:3:      overflow_temple_1_default, first_ration, uniq_sigmund, uniq_robin

Skill      XL: |  1  2  3  4 |
---------------+-------------+-----
Throwing       | 2 |  2.4
Dodging        | 3 |  3.3
Invocations    | 1 |  1.0
Fighting       | |  2.1
Axes           | |  3.7

Action                   |  1- 3 |  4- 6 || total
-------------------------+-------+-------++-------
Melee: War axe           |   132 |     7 ||   139
       Tailslap          |    13 |     1 ||    14
  Use: Potion            |       |     3 ||     3
 Stab: Sleeping          |     1 |       ||     1
  Eat: Chunk             |     2 |       ||     2
Armor: Skin              |    46 |     1 ||    47
Dodge: Dodged            |   135 |     5 ||   140

Table legend:
 A = Spawn XP
 B = Non-spawn XP
 C = Spawn XP percentage of total XP
 D = Spawn monster count
 E = Non-spawn monster count
 F = Spawn count percentage of total count
 G = Total turns spent on level
                    A         B        C        D         E        F      G
               +---------+---------+-------+---------+---------+-------+---------
         Total |       0 |     100 |   0.0 |       0 |      43 |   0.0 |  1665
               +---------+---------+-------+---------+---------+-------+---------
           D:1 |       0 |      27 |   0.0 |       0 |      18 |   0.0 |   631
           D:2 |       0 |      60 |   0.0 |       0 |      20 |   0.0 |   985
           D:3 |       0 |      13 |   0.0 |       0 |       5 |   0.0 |    49
               +---------+---------+-------+---------+---------+-------+---------
